 Dungeon Crawl Stone Soup version 0.21.1-1-g345015f (webtiles) character file.

84 goulibeur the Unweaver (level 4, -1/35 HPs)
             Began as a Demonspawn Abyssal Knight on July 16, 2018.
             Was a Follower of Lugonu.
             Slain by a gnoll
             ... wielding a +0 spear
              (6 damage)
             ... on level 3 of the Dungeon.
             The game lasted 00:05:46 (3422 turns).

goulibeur the Unweaver (Demonspawn Abyssal Knight)  Turns: 3422, Time: 00:05:47

Health: -1/35      AC:  5    Str: 13    XL:     4   Next: 23%
Magic:  7/7        EV: 11    Int: 13    God:    Lugonu [*.....]
Gold:   203        SH:  0    Dex: 13    Spells: 3/3 levels left

rFire    . . .     SeeInvis .   a - +1 short sword
rCold    + + .     Gourm    .   (no shield)
rNeg     . . .     Faith    .   g - +0 ring mail
rPois    .         Spirit   .   (no helmet)
rElec    .         Reflect  .   (no cloak)
rCorr    .         Harm     .   (no gloves)
MR       .....                  (no boots)
Stlth    +.........             (no amulet)
HPRegen  0.11/turn              h - ring of protection from cold
MPRegen  0.10/turn              (no ring)

@: no status effects
A: cold resistance 1
a: Depart the Abyss, Renounce Religion


You were on level 3 of the Dungeon.
You worshipped Lugonu.
Lugonu was aware of your devotion.
You were hungry.

You visited 1 branch of the dungeon, and saw 3 of its levels.
You visited the Abyss 1 time.

You collected 203 gold pieces.

Inventory:

Hand Weapons
 a - a +1 short sword (weapon)
Armour
 b - a +0 leather armour
 g - a +0 ring mail (worn)
Jewellery
 h - a ring of protection from cold (left hand)
Scrolls
 d - a scroll of amnesia {unknown}
 e - 2 scrolls of blinking {unknown}
 f - 6 scrolls of identify {unknown}
 j - a scroll of remove curse {unknown}
 k - a scroll of magic mapping {unknown}
 n - a scroll of enchant weapon {unknown}
Potions
 m - a potion of flight {unknown}
 o - a potion of might {unknown}
 p - a potion of ambrosia {unknown}
Books
 l - a book of Cantrips

   Spells                             Type                      Level
   a - Confusing Touch                Hexes                        1
   b - Animate Skeleton               Necromancy                   1
   c - Summon Small Mammal            Summoning                    1
   d - Apportation                    Translocation                1
Comestibles
 c - 2 rations


   Skills:
 + Level 3.5 Fighting
 - Level 1.7 Short Blades
 + Level 2.3 Armour
 + Level 1.7 Dodging
 * Level 4.2 Invocations


You had 3 spell levels left.
You didn't know any spells.

Dungeon Overview and Level Annotations

Branches:
Dungeon (3/15)

Altars:
Kikubaaqudgha


Innate Abilities, Weirdness & Mutations

Your flesh is cold resistant. (rC+)


Message History

You hit the gnoll.
The gnoll is severely wounded.
The gnoll hits you but does no damage.
You hit the gnoll but do no damage.
The gnoll is severely wounded.
The gnoll hits you with a spear.
You closely miss the gnoll.
The gnoll is severely wounded.
The gnoll hits you with a spear.
You hit the gnoll.
The gnoll is almost dead.
The gnoll hits you with a spear.
* * * LOW HITPOINT WARNING * * *
The gnoll hits you from afar with a spear.
* * * LOW HITPOINT WARNING * * *
A hobgoblin comes into view.
The hobgoblin shouts!
The hobgoblin closely misses you.
The gnoll hits you from afar with a spear.
You die...

#.# #....# #.# #.##.# #.#
#.##.# #.# #.##.# #.# #.##.#
#.####.##.#
#.........#########
######......ggg...##########
####..##.##@g.........#####
#..##g.............#...##
#....#............#.###.#
##.###..≈≈........### ##.
#######g###.≈..≈.......## #.
#.ggg...##≈≈≈..≈..≈≈...≈## ##.
#.#####.#≈≈≈..≈..≈..≈..≈≈###.#
#.#≈≈...≈.⌠≈..≈..≈≈#...#
###≈≈..≈..≈⌠.≈...≈≈#....


You could see 4 gnolls and a hobgoblin.

Vanquished Creatures
  4 adders
  2 worms (D:2)
  2 dart slugs
  A leopard gecko (D:2)
  2 ball pythons
  7 bats
  A giant cockroach (D:3)
  6 hobgoblins
  2 frilled lizards
  4 goblins
  5 kobolds
  5 rats
41 creatures vanquished.

Notes
Turn   | Place    | Note
-------+----------+-------------------------------------------
     0 | Abyss:1  | goulibeur the Demonspawn Abyssal Knight began the quest for the Orb.
     0 | Abyss:1  | Reached XP level 1. HP: 18/18 MP: 2/2
    42 | Abyss:1  | Found a corrupted altar of Lugonu.
    51 | Abyss:1  | Noticed an apocalypse crab
    52 | D:1      | Escaped the Abyss
   330 | D:1      | Reached skill level 1 in Dodging
   554 | D:1      | Reached skill level 3 in Invocations
   554 | D:1      | Gained mutation: Your flesh is cold resistant. (rC+) [demonic ancestry]
   554 | D:1      | Reached XP level 2. HP: 21/24 MP: 2/4
   601 | D:1      | Reached * piety under Lugonu
  1664 | D:2      | Reached XP level 3. HP: 4/29 MP: 5/5
  2210 | D:2      | Found an ancient bone altar of Kikubaaqudgha.
  2476 | D:2      | Reached skill level 4 in Invocations
  2520 | D:2      | Reached XP level 4. HP: 23/35 MP: 7/7
  3422 | D:3      | Slain by a gnoll

Skill      XL: |  1  2  3 |
---------------+----------+-----
Dodging        | 1 |  1.7
Invocations    | 3 4 |  4.2
Armour         | 2 |  2.3
Fighting       | |  3.5
Short Blades   | |  1.7

Action                   |  1- 3 |  4- 6 || total
-------------------------+-------+-------++-------
Melee: Short sword       |   165 |    28 ||   193
Invok: Depart the Abyss  |     1 |       ||     1
  Eat: Chunk             |     2 |     2 ||     4
       Ration            |     1 |       ||     1
Armor: Leather armour    |     9 |       ||     9
       Ring mail         |    43 |     5 ||    48
Dodge: Dodged            |    89 |    13 ||   102
